 Dungeon Crawl Stone Soup version 0.31-a0-1388-g4b2ba238e7 (webtiles) character file.

Game seed: 8990886779793636512

125 Loonster the Ruffian (level 4, -12/40 HPs)
             Began as a Troll Shapeshifter on Dec 24, 2023.
             Mangled by a gnoll
             ... wielding a +1 heavy halberd
              (17 damage)
             ... on level 3 of the Dungeon.
             The game lasted 00:02:53 (1365 turns).

Loonster the Ruffian (Troll Shapeshifter)           Turns: 1365, Time: 00:02:53

Health: -12/40     AC:  4    Str: 24    XL:     4   Next: 82%
Magic:  12/12      EV:  9    Int:  6    God:
Gold:   187        SH:  0    Dex:  9    Spells: 3/3 levels left

rFire   . .          .
                       - Unarmed
rCold   . . .        (no shield)
rNeg    . . .        a - +0 animal skin
rPois   +            (helmet currently unavailable)
rElec   .            (cloak currently unavailable)
rCorr   .            (gloves unavailable)
SInv    .            (boots unavailable)
Will    .....        (no amulet)
Stlth   +            h - ring of poison resistance
HPRegen 1.06/turn    j - ring of magical power
MPRegen 0.13/turn

%: no passive effects
@: beast-form
A: beast (slay +2), large, unfitting armour, claws 3, regeneration 1, shaggy fur
1, tough skin 1
a: Begin Untransformation


You were on level 3 of the Dungeon.
You were a hulking beast.
You visited 1 branch of the dungeon, and saw 3 of its levels.

You collected 187 gold pieces.

Inventory:

Armour
 a - a +0 animal skin (worn)
Jewellery
 h - a ring of poison resistance (left claw)
 j - a ring of magical power (right claw)
 l - a +5 ring of evasion
Talismans
 c - a beast talisman
 d - a flux talisman
Scrolls
 e - a scroll of identify {unknown}
 f - a scroll of enchant armour {unknown}
 g - a scroll of immolation {unknown}
 i - 3 scrolls of teleportation {unknown}
 k - a scroll of brand weapon {unknown}
 m - a scroll of summoning {unknown}
 n - a scroll of noise {unknown}
 o - 2 scrolls of blinking {unknown}
 q - a scroll of fear {unknown}
Potions
 b - 2 potions of lignification
 p - a potion of cancellation {unknown}


   Skills:
 - Level 0.7 Fighting
 - Level 1.5 Dodging
 + Level 5.2 Unarmed Combat
 - Level 3.5 Shapeshifting


You had 3 spell levels left.
You didn't know any spells.
Your spell library contained the following spells:

 Spells                   Type           Power      Damage    Failure   Level
 Apportation              Tloc           0%         N/A       45%         1
 Necrotise                Necr           0%         1d4       45%         1
 Sting                    Conj/Alch      0%         1d3       45%         1
 Summon Small Mammal      Summ           0%         N/A       45%         1
 Call Canine Familiar     Summ           0%         N/A       83%         3
 Sigil of Binding         Hex            0%         N/A       83%         3
 Dimensional Bullseye     Hex/Tloc       0%         N/A       99%         4


Dungeon Overview and Level Annotations

Branches:
Dungeon (3/15)

Altars:

Annotations:
D:2 1 runed translucent door, Crazy Yiuf


Innate Abilities, Weirdness & Mutations

You are a hulking beast.
Your limbs bulge with bestial killing power. (Slay +2)
You are too large for most types of armour.
You have claws for hands.
Your natural rate of healing is unusually fast.
You are covered in fur. (AC +1)
You have tough skin. (AC +1)


Message History

You barely miss the gnoll.
The gnoll is moderately wounded.
The gnoll barely misses you.
You scratch the gnoll.
The gnoll is heavily wounded.
The gnoll hits you with a +0 club. The gnoll barely misses you.
You claw the gnoll!
You kill the gnoll!
The ball python barely misses you.
Your Unarmed Combat skill increases to level 5!
You scratch the ball python.
You kill the ball python!
The gnoll hits you from afar with a +1 heavy halberd.
You claw the gnoll!
You kill the gnoll!
The gnoll hits you but does no damage.
Things that are here:
a +0 flail; a gnoll corpse You barely miss the gnoll.
Your claw misses the gnoll.
The gnoll hits you with a +1 heavy halberd!
You barely miss the gnoll. You completely miss the gnoll.
The gnoll hits you with a +1 heavy halberd.
You scratch the gnoll.
The gnoll is moderately wounded.
The gnoll hits you with a +1 heavy halberd!!
Ouch! That really hurt!
* * * LOW HITPOINT WARNING * * *
You are too injured to fight recklessly!
You are too injured to fight recklessly!
You are too injured to fight recklessly!
You are too injured to fight recklessly!
You are too injured to fight recklessly!
You are too injured to fight recklessly!
You closely miss the gnoll.
The gnoll is moderately wounded.
You claw the gnoll!
The gnoll is almost dead.
The gnoll hits you with a +1 heavy halberd!
You die...

..#..#†#.......#
..#.##.##....[.###
.[..#..(#.##.....#
..#..###.........#
.##.#...#..#....(#
....##.##..#.....#
.#.
#)#...#.<...### #
# #..##.$.>.$.#
..###.###h#.# ...
#.##.g.!# ####
#.#.....#
#.##....# #..#.#
.....# ..#### .##


You could see a gnoll.

Vanquished Creatures
  Robin (D:1)
  2 gnolls (D:3)
  5 adders
  A dart slug (D:3)
  A ball python (D:3)
  An endoplasm (D:3)
  A giant cockroach (D:3)
  12 goblins
  7 hobgoblins
  2 kobolds
  2 quokkas (D:3)
  7 bats
  2 frilled lizards (D:3)
  5 rats
49 creatures vanquished.

Notes
Turn   | Place    | Note
-------+----------+-------------------------------------------
     0 | D:1      | Loonster the Troll Shapeshifter began the quest for the
                  | Orb.
     0 | D:1      | Reached XP level 1. HP: 18/18 MP: 0/0
   321 | D:1      | Reached XP level 2. HP: 26/26 MP: 1/1
   414 | D:2      | Noticed Robin
   460 | D:1      | Killed Robin
   461 | D:1      | Reached XP level 3. HP: 32/32 MP: 2/2
   751 | D:2      | Reached skill level 4 in Unarmed Combat
   820 | D:2      | Found a runed translucent door.
   821 | D:2      | Noticed Crazy Yiuf
  1169 | D:3      | Reached XP level 4. HP: 40/40 MP: 3/3
  1356 | D:3      | Reached skill level 5 in Unarmed Combat
  1365 | D:3      | Mangled by a gnoll

Illustrated notes

Levels and vault maps discovered:
D:1:      reono_arrival_mine, layout_rooms
D:2:      layout_basic, uniq_robin, uniq_crazy_yiuf_cottage
D:3:      layout_loops_cross, nicolae_gozag_seed_capital, minmay_ruptured

Skill      XL: |  1  2  3  4 |
---------------+-------------+-----
Unarmed Combat | 4 5 |  5.2
Fighting       | |  0.7
Dodging        | |  1.5
Shapeshifting  | |  3.5

Action                     |  1- 3 |  4- 6 || total
---------------------------+-------+-------++-------
  Melee: Unarmed           |    88 |    40 ||   128
 Armour: Animal skin       |    77 |    26 ||   103
  Dodge: Dodged            |    47 |    14 ||    61

Table legend: (Time is in decaauts)
 A = Elapsed time spent in this place.
 B = Non-inter-level travel time spent in this place.
 C = Inter-level travel time spent in this place.
 D = Time resting spent in this place.
 E = Time spent auto-exploring this place.
 F = Levels seen in this place.
 G = Mean time per level.
                   A        B        C        D        E       F      G
               +--------+--------+--------+--------+--------+-----+--------+
         Total |   1356 |   1331 |     25 |     11 |   1049 |   3 |  452.0 |
       Dungeon |   1356 |   1331 |     25 |     11 |   1049 |   3 |  452.0 |
               +--------+--------+--------+--------+--------+-----+--------+

Top non-repeatable levels by time:
     D:2: 583 daAuts
     D:1: 450 daAuts
     D:3: 322 daAuts
